 Dungeon Crawl Stone Soup version 0.29-a0-330-g52719c12eb (webtiles) character file.

Game seed: 15627865292771011615

482 Anon1729 the Chopper (level 6, -4/56 HPs)
             Began as a Minotaur Monk on May 28, 2022.
             Was a High Priest of Zin.
             Slain by an iguana (5 damage)
             ... on level 4 of the Dungeon.
             The game lasted 00:03:50 (3694 turns).

Anon1729 the Chopper (Minotaur Monk)                Turns: 3694, Time: 00:03:51

Health: -4/56      AC:  6    Str: 15 (17) XL:     6   Next: 87%
Magic:  6/6        EV: 10    Int:  5 (7)  God:    Zin [*****.]
Gold:   272        SH:  0    Dex: 10 (13) Spells: 5/5 levels left

rFire   . . .      SeeInvis .   a - +0 hand axe
rCold   . . .      Faith    .   (no shield)
rNeg    . . .      Spirit   .   r - +0 scale mail
rPois   .          Reflect  .   (helmet restricted)
rElec   .          Harm     .   (no cloak)
rCorr   .          Rampage  .   (no gloves)
Will    .....                   (no boots)
Stlth   +.........              (no amulet)
HPRegen 0.18/turn               (no ring)
MPRegen 0.10/turn               (no ring)

@: on recite cooldown
A: horns 2, retaliatory headbutt
a: Renounce Religion, Recite, Vitalisation, Imprison, Sanctuary, Donate Gold


You were on level 4 of the Dungeon.
You worshipped Zin.
Zin was extremely pleased with you.
You visited 1 branch of the dungeon, and saw 4 of its levels.

You collected 302 gold pieces.
You donated 30 gold pieces to Zin.

Inventory:

Hand Weapons
 a - a +0 hand axe (weapon)
Missiles
 h - 6 curare-tipped darts (quivered)
Armour
 b - a +0 robe
 r - a +0 scale mail (worn)
Scrolls
 c - a scroll of torment {unknown}
 d - 2 scrolls of immolation {unknown}
 g - a scroll of enchant weapon {unknown}
 i - 2 scrolls of identify
 j - 2 scrolls of holy word {unknown}
 k - a scroll of enchant armour {unknown}
 l - 2 scrolls of teleportation {unknown}
 m - a scroll of amnesia {unknown}
 n - a scroll of fog {unknown}
 o - a scroll of blinking {unknown}
 q - 2 scrolls of noise {unknown}
 t - a scroll of fear {unknown}
Potions
 e - 2 potions of mutation
 f - a potion of brilliance


   Skills:
 + Level 5.5 Fighting
 + Level 5.5 Axes
 + Level 1.8 Armour
 - Level 4.5 Dodging
 - Level 3.0 Stealth
 * Level 2.2 Invocations


You had 5 spell levels left.
You didn't know any spells.
Your spell library contained the following spells:

 Spells                   Type           Power      Damage    Failure   Level
 Freeze                   Ice            0%         1d3       91%         1
 Sandblast                Erth           0%         2d4       91%         1
 Passwall                 Tmut/Erth      0%         N/A       97%         2
 Sublimation of Blood     Necr           0%         N/A       97%         2
 Wereblood                Tmut           0%         N/A       97%         2
 Call Canine Familiar     Summ           0%         N/A       99%         3
 Frozen Ramparts          Ice            0%         1d2       99%         3
 Portal Projectile        Hex/Tloc       0%         N/A       99%         3
 Stone Arrow              Conj/Erth      0%         3d7       99%         3
 Hailstorm                Conj/Ice       0%         3d3       100%        4
 Leda's Liquefaction      Hex/Erth       0%         N/A       100%        4
 Summon Hydra             Summ           0%         N/A       100%        7


Dungeon Overview and Level Annotations

Branches:
Dungeon (4/15)
 Temple: D:4-7

Altars:
Fedhas
Zin


Innate Abilities, Weirdness & Mutations

You have a pair of horns on your head.
You reflexively headbutt those who attack you in melee.


Message History

The ogre hits you with a +0 giant club!!
The iguana bites you!
* * * LOW HITPOINT WARNING * * *
You are too injured to fight recklessly!
You are too injured to fight recklessly!
You are too injured to fight recklessly!
You are too injured to fight recklessly!
You are too injured to fight recklessly!
You are too injured to fight recklessly!
You are too injured to fight recklessly!
You are too injured to fight recklessly!
You are too injured to fight recklessly!
You are too injured to fight recklessly!
You are too injured to fight recklessly!
Activating: Recite (1% risk of failure)
Press: ? - help, Dir - look around, f - activate You clear your throat and prepare to recite. "Zin hath not damned the servants of Hell, but it is they..."
The ogre is dazed by your recitation.
The ogre is lost in a daze.
The iguana bites you.
* * * LOW HITPOINT WARNING * * *
You hit the iguana but do no damage.
The iguana is lightly wounded. "...that have damned themselves for their profanity, for..."
The iguana bites you!
* * * LOW HITPOINT WARNING * * *
It was a potion of curing.
You feel better. "...did Zin not decree that to be profane was wrong?"
You finish reciting Anathema 23:17.
The iguana bites you!
* * * LOW HITPOINT WARNING * * *
It was a potion of degeneration.
There was something very wrong with that liquid.
You feel weakened.
You feel dopey.
You feel clumsy.
The ogre is lost in a daze.
The iguana bites you.
* * * LOW HITPOINT WARNING * * *
It was a potion of lignification.
Zin protects your body from unnatural transformation!
You feel woody for a moment.
The ogre is lost in a daze.
The iguana bites you.
You die...

... ##.## ..#
#..# ### #..#
#..# ##.#
#..##
#..###.##
#...##
##..#.##
#...## ##....#
#....###..####
#.......##
#@....###
##l..##
.......O..#
..........#
...........#
#..........#
##...#.....#
#...##....#
#..# ##....


You could see an ogre (dazed) and an iguana.

Vanquished Creatures
  Sigmund (D:2)
  A sky beast (D:3)
  A jelly (D:4)
  Jessica (D:3)
  Terence (D:3)
  4 gnolls
  4 adders
  2 worms
  A dart slug (D:3)
  2 orcs (D:3)
  4 bats
  4 endoplasms
  4 giant cockroaches
  8 goblins
  5 hobgoblins
  7 quokkas
  6 ball pythons
  3 frilled lizards
  6 kobolds
  9 rats
74 creatures vanquished.

Notes
Turn   | Place    | Note
-------+----------+-------------------------------------------
     0 | D:1      | Anon1729 the Minotaur Monk began the quest for the Orb.
     0 | D:1      | Reached XP level 1. HP: 19/19 MP: 0/0
   219 | D:1      | Reached XP level 2. HP: 27/27 MP: 1/1
   725 | D:1      | Found a faded altar of an unknown god.
   732 | D:1      | Reached XP level 3. HP: 28/33 MP: 2/2
   739 | D:1      | Prayed at the altar of an unknown god.
   739 | D:1      | Became a worshipper of Zin the Law-Giver
   739 | D:1      | Reached * piety under Zin
   739 | D:1      | Reached ** piety under Zin
   739 | D:1      | Reached *** piety under Zin
   899 | D:2      | Noticed Sigmund
   916 | D:2      | Killed Sigmund
   917 | D:2      | Reached XP level 4. HP: 15/41 MP: 3/3
   917 | D:2      | Reached XP level 5. HP: 17/47 MP: 4/4
  1206 | D:2      | Reached **** piety under Zin
  1270 | D:2      | Reached skill level 5 in Fighting
  1270 | D:2      | Reached skill level 5 in Axes
  2127 | D:3      | Noticed Terence
  2133 | D:3      | Killed Terence
  2134 | D:3      | Reached XP level 6. HP: 51/56 MP: 5/5
  2208 | D:3      | Noticed Jessica
  2218 | D:3      | Noticed a sky beast
  2242 | D:3      | HP: 1/56 [sky beast (6)]
  2664 | D:3      | Killed a sky beast
  2665 | D:3      | Reached skill level 1 in Armour
  2665 | D:3      | Reached skill level 1 in Invocations
  2748 | D:3      | Killed Jessica
  3126 | D:3      | Reached ***** piety under Zin
  3290 | D:3      | Identified the +0 robe of the Wilderness {rCorr}
  3538 | D:4      | Found a blossoming altar of Fedhas.
  3693 | D:4      | HP: 1/56 [iguana (3)]
  3694 | D:4      | Slain by an iguana

Illustrated notes

Levels and vault maps discovered:
D:1:      lemuel_arrival_room, layout_rooms,
          hellmonk_ecumenical_altar_inner_sanctum, minivault_24,
          minmay_distorted
D:2:      layout_loops_ring, minmay_misc_feat_rugged,
          hangedman_abyss_or_decor_stabs, corexii_corridor_pit,
          minmay_tromino_v4_a, uniq_sigmund
D:3:      layout_rooms, kennysheep_cross_room, minmay_pentangle, uniq_terence,
          uniq_jessica
D:4:      layout_layer_cave, nicolae_overflow_crystal_walls, uniq_pikel,
          uniq_menkaure, uniq_grinder

Skill      XL: |  1  2  3  4  5  6 |
---------------+-------------------+-----
Axes           | 4 5 |  5.5
Stealth        | 2 3 |  3.0
Fighting       | 4 5 |  5.5
Dodging        | 4 |  4.5
Armour         | 1 |  1.8
Invocations    | 2 |  2.2

Action                   |  1- 3 |  4- 6 || total
-------------------------+-------+-------++-------
Melee: Hand axe          |    50 |   114 ||   164
       Headbutt          |     6 |    16 ||    22
       Punch             |       |     4 ||     4
Throw: Dart              |     1 |     3 ||     4
Invok: Recite            |       |     1 ||     1
  Use: Potion            |     2 |     5 ||     7
       Scroll            |       |     1 ||     1
 Stab: Sleeping          |     5 |     4 ||     9
Armor: Robe              |     5 |    12 ||    17
       Scale mail        |       |     2 ||     2
Dodge: Dodged            |    29 |    79 ||   108

Table legend: (Time is in decaauts)
 A = Elapsed time spent in this place.
 B = Non-inter-level travel time spent in this place.
 C = Inter-level travel time spent in this place.
 D = Time resting spent in this place.
 E = Time spent auto-exploring this place.
 F = Levels seen in this place.
 G = Mean time per level.
                   A        B        C        D        E       F      G
               +--------+--------+--------+--------+--------+-----+--------+
         Total |   3690 |   3585 |    105 |    412 |   2575 |   4 |  922.5 |
       Dungeon |   3690 |   3585 |    105 |    412 |   2575 |   4 |  922.5 |
               +--------+--------+--------+--------+--------+-----+--------+

Top non-repeatable levels by time:
     D:2: 1564 daAuts
     D:3: 1099 daAuts
     D:1: 804 daAuts
     D:4: 222 daAuts
